 Dungeon Crawl Stone Soup version 0.28-a0-1435-g82390b3a13 (webtiles) character file.

Game seed: 5740388030161052351

79 hashsling the Sneak (level 4, -2/24 HPs)
             Began as a Kobold Enchanter on Jan 9, 2022.
             Slain by Robin (5 damage)
             ... on level 2 of the Dungeon.
             The game lasted 00:07:15 (1653 turns).

hashsling the Sneak (Kobold Enchanter)              Turns: 1653, Time: 00:07:15

Health: -2/24      AC:  3    Str:  5    XL:     4   Next: 64%
Magic:  1/7        EV: 15    Int: 16    God:
Gold:   43         SH:  0    Dex: 17    Spells: 5/7 levels left

rFire   . . .      SeeInvis .   h - +1 dagger (distort)
rCold   . . .      Faith    .   (no shield)
rNeg    . . .      Spirit   .   b - +0 robe
rPois   .          Reflect  .   e - +0 helmet
rElec   .          Harm     .   (no cloak)
rCorr   .          Rampage  .   (no gloves)
Will    .....                   (no boots)
Stlth   ++++......              (no amulet)
HPRegen 0.08/turn               (no ring)
MPRegen 0.10/turn               (no ring)

@: very slightly contaminated
A: small, no large weapons, nightstalker 3
a: no special abilities


You were on level 2 of the Dungeon.
You visited 1 branch of the dungeon, and saw 2 of its levels.

You collected 43 gold pieces.

Inventory:

Hand Weapons
 a - a +1 dagger
 h - a +1 dagger of distortion (weapon)
Missiles
 g - 17 bolts
Armour
 b - a +0 robe (worn)
 e - a +0 helmet (worn)
Scrolls
 d - a scroll of magic mapping {unknown}
Potions
 c - 2 potions of invisibility
 f - a potion of flight {unknown}


   Skills:
 + Level 3.3 Short Blades
 - Level 2.4 Dodging
 + Level 5.7 Stealth
 * Level 2.4 Spellcasting
 * Level 3.1 Hexes


You had 5 spell levels left.
You knew the following spells:

 Your Spells              Type           Power      Damage    Failure   Level
a - Ensorcelled Hibernat  Hex/Ice        14%        N/A       16%         2

Your spell library contained the following spells:

 Spells                   Type           Power      Damage    Failure   Level
 Confusing Touch          Hex            12%        N/A       16%         3
 Tukima's Dance           Hex            12%        N/A       16%         3
 Dazzling Flash           Conj/Hex       14%        N/A       30%         3


Dungeon Overview and Level Annotations

Branches:
Dungeon (2/15)

Altars:

Annotations:
D:2 Robin


Innate Abilities, Weirdness & Mutations

You are small and have problems with some larger weapons.
You are completely attuned to the shadows.


Message History

The hobgoblin is moderately wounded.
The hobgoblin hits you.
Robin shouts!
You hit the hobgoblin but do no damage.
Space warps around the hobgoblin.
You kill the hobgoblin!
You hear a shout!
Casting: Ensorcelled Hibernation (safe; 16% risk of failure)
Confirm with . or Enter, or press ? or * to list all spells.
Aiming: Ensorcelled Hibernation (safe; 16% risk of failure)
Press: ? - help, Shift-Dir - straight line, f - Robin
Aim: Robin, wielding a +5 club, wearing a +0 animal skin and wearing a +0 helmet (chance to affect: 50%) Robin resists with some effort.
A goblin comes into view. It is wielding a +0 club.
The goblin hits you but does no damage.
You barely miss the goblin.
The goblin is severely wounded.
Robin hits you with a +5 club. The goblin barely misses you.
The goblin shouts!
You hit the goblin.
You kill the goblin!
Robin hits you with a +5 club.
Casting: Ensorcelled Hibernation (safe; 16% risk of failure)
Confirm with . or Enter, or press ? or * to list all spells.
Aiming: Ensorcelled Hibernation (safe; 16% risk of failure)
Press: ? - help, Shift-Dir - straight line, f/p - Robin
Aim: Robin, wielding a +5 club, wearing a +0 animal skin and wearing a +0 helmet (chance to affect: 50%) Robin resists with some effort.
Robin hits you with a +5 club.
* * * LOW HITPOINT WARNING * * *
Casting: Ensorcelled Hibernation (safe; 16% risk of failure)
Confirm with . or Enter, or press ? or * to list all spells.
Aiming: Ensorcelled Hibernation (safe; 16% risk of failure)
Press: ? - help, Shift-Dir - straight line, f/p - Robin
Aim: Robin, wielding a +5 club, wearing a +0 animal skin and wearing a +0 helmet (chance to affect: 50%)
You miscast Ensorcelled Hibernation.
You are very lightly contaminated with residual magic.
Nothing appears to happen.
The goblin hits you with a +0 club.
* * * LOW HITPOINT WARNING * * *
A goblin comes into view. It is wielding a +0 dagger.
Robin hits you with a +5 club.
You die...

###### .....# ####.#
...#.# #... .# ##.#.#
#..# .### ...#.# #..#
...
####.########..###.#.#
...#.#.........g@gg...
##.#.#.#####...###g#.#
#.#.#.# #...# ...
#.#.#.# #...# g###
#.#.#.# #..... g#
#.#.#.#####...##
#.#.......+
#.###.##### #.# #.#


You could see Robin and 3 goblins.

Vanquished Creatures
  3 adders (D:2)
  4 bats
  4 endoplasms
  11 goblins
  6 hobgoblins
  2 jackals (D:1)
  5 ball pythons (D:1)
  4 frilled lizards
  8 kobolds
  3 rats
50 creatures vanquished.

Notes
Turn   | Place    | Note
-------+----------+-------------------------------------------
     0 | D:1      | hashsling the Kobold Enchanter began the quest for the Orb.
     0 | D:1      | Reached XP level 1. HP: 10/10 MP: 3/3
   174 | D:1      | Reached XP level 2. HP: 13/15 MP: 5/5
   605 | D:1      | Reached skill level 5 in Stealth
   727 | D:1      | Reached XP level 3. HP: 19/19 MP: 6/6
   735 | D:1      | Learned a level 2 spell: Ensorcelled Hibernation
  1304 | D:2      | Reached XP level 4. HP: 24/24 MP: 2/7
  1634 | D:2      | Noticed Robin
  1653 | D:2      | Slain by Robin

Illustrated notes

Levels and vault maps discovered:
D:1:      dpeg_arrival_water_temple_mockup, layout_loops_ring
D:2:      minmay_razor_zed, layout_basic, minmay_tree_intersection,
          minmay_misc_feat_roman, uniq_robin, uniq_natasha

Skill      XL: |  1  2  3 |
---------------+----------+-----
Short Blades   | 2 3 |  3.3
Stealth        | 5 |  5.7
Dodging        | |  2.4
Spellcasting   | |  2.4
Hexes          | |  3.1

Action                   |  1- 3 |  4- 6 || total
-------------------------+-------+-------++-------
Melee: Dagger            |    67 |    33 ||   100
       Punch             |     1 |       ||     1
 Cast: Ensorcelled Hiber |     1 |     2 ||     3
 Stab: Sleeping          |    20 |     9 ||    29
Armor: Robe              |     7 |     3 ||    10
Dodge: Dodged            |    27 |    10 ||    37

Table legend: (Time is in decaauts)
 A = Elapsed time spent in this place.
 B = Non-inter-level travel time spent in this place.
 C = Inter-level travel time spent in this place.
 D = Time resting spent in this place.
 E = Time spent auto-exploring this place.
 F = Levels seen in this place.
 G = Mean time per level.
                   A        B        C        D        E       F      G
               +--------+--------+--------+--------+--------+-----+--------+
         Total |   1641 |   1573 |     68 |      0 |   1311 |   2 |  820.5 |
       Dungeon |   1641 |   1573 |     68 |      0 |   1311 |   2 |  820.5 |
               +--------+--------+--------+--------+--------+-----+--------+

Top non-repeatable levels by time:
     D:1: 1231 daAuts
     D:2: 410 daAuts
